 Dungeon Crawl Stone Soup version 0.31-a0-187-gba352fbbf7 (webtiles) character file.

Game seed: 9914631947318941858

124 qw the Skirmisher (level 4, -3/25 HPs)
             Began as a Deep Elf Hunter on June 22, 2023.
             Slain by a gnoll
             ... wielding a +0 whip
              (5 damage)
             ... on level 3 of the Dungeon.
             The game lasted 00:00:44 (1348 turns).

qw the Skirmisher (Deep Elf Hunter)                 Turns: 1348, Time: 00:00:44

Health: -3/25      AC:  4    Str: 10    XL:     4   Next: 81%
Magic:  6/6        EV: 12    Int: 14    God:
Gold:   75         SH:  0    Dex: 18    Spells: 3/3 levels left

rFire   . . .        Y - +0 shortbow
rCold   . . .        (shield currently unavailable)
rNeg    . . .        c - +0 leather armour
rPois   .            i - +0 helmet
rElec   .            (no cloak)
rCorr   .            (no gloves)
SInv    .            (no boots)
Will    .....        (no amulet)
Stlth   ++           (no ring)
HPRegen 0.24/turn    (no ring)
MPRegen 0.10/turn

%: no passive effects
@: no status effects
A: no striking features
a: no special abilities


You were on level 3 of the Dungeon.
You visited 1 branch of the dungeon, and saw 3 of its levels.

You collected 75 gold pieces.


   Skills:
 - Level 1.5 Fighting
 + Level 8.2 Ranged Weapons
 - Level 2.4 Dodging
 - Level 1.2 Stealth


You had 3 spell levels left.
You didn't know any spells.
Your spell library was empty.

Inventory:

Hand Weapons
 Y - a +0 shortbow (weapon)
Armour
 c - a +0 leather armour (worn)
 i - a +0 helmet (worn)
Scrolls
 b - a scroll of identify
Potions
 d - a potion of degeneration {unknown}
 e - a potion of lignification {unknown}
 f - a potion of curing {unknown}
 g - a potion of haste {unknown}
 h - a potion of cancellation {unknown}

Dungeon Overview and Level Annotations

Branches:
Dungeon (3/15)

Altars:

Annotations:
D:3 1 runed translucent door, qw's ghost, amateur DEHu


Message History

The black bear bites the plant.
The black bear claws the plant. x2
The gnoll hits you from afar with a +0 spear.
The orc hits the plant with a +0 club.
You shoot an arrow. The arrow barely misses the gnoll.
The gnoll shouts!
The arrow hits the orc!
You kill the orc!
The black bear bites the plant.
The black bear claws the plant. x2
The gnoll hits you from afar with a +0 spear.
You shoot an arrow. The arrow hits the gnoll!
The gnoll is almost dead.
A nearby plant withers and dies.
The quokka bites the plant.
The gnoll hits you from afar with a +0 spear.
The quokka twitches its whiskers.
The quokka bites the plant.
You shoot an arrow. The arrow completely misses the gnoll.
The arrow barely misses the quokka.
The arrow hits the black bear but does no damage.
A nearby plant withers and dies.
The gnoll hits you from afar with a +0 spear.
You shoot an arrow. The arrow barely misses the gnoll.
The gnoll hits you from afar with a +0 spear.
You shoot an arrow. The arrow barely misses the quokka.
The arrow hits the gnoll.
You kill the gnoll!
The quokka bites you but does no damage.
The quokka bites you.
You shoot an arrow. The arrow hits the quokka!
You kill the quokka!
You shoot an arrow. The arrow hits the gnoll.
The gnoll is lightly wounded.
The gnoll closely misses you.
The black bear bites the plant.
The plant begins to die.
The black bear claws the plant. x2
The black bear bites the plant.
The black bear claws the plant. x2
The gnoll barely misses you.
You shoot an arrow. The arrow closely misses the gnoll.
The arrow hits the black bear!
The black bear is moderately wounded.
The gnoll hits you with a +0 whip.
You die...

..#787#..#.########
#!#W!.#..#.#.......
##.##+##............
7.77..#..(........#.#..
P..P......###.....#.#..
PP77.#..####.....#.#..
77.......+.....#.#..
7777.P...####.....#.#..
7..lhg@..# #.....#.#..
7.....777..#
####..#.### ....P= 7#.#
#..#.... .7..7 ....
#.... .go7 .### #.###
.h. .. #.# . # #.# #.#
#.#


You could see a black bear, qw's ghost, a gnoll and a frilled lizard.

Vanquished Creatures
  A gnoll (D:3)
  5 adders (D:2)
  2 worms (D:2)
  A dart slug (D:2)
  An orc (D:3)
  5 endoplasms
  3 giant cockroaches
  7 goblins
  3 hobgoblins
  4 jackals (D:1)
  9 kobolds
  3 quokkas
  2 ball pythons
  5 bats
  A frilled lizard (D:2)
  7 rats
59 creatures vanquished.

Notes
Turn   | Place    | Note
-------+----------+-------------------------------------------
     0 | D:1      | qw the Deep Elf Hunter began the quest for the Orb.
     0 | D:1      | Reached XP level 1. HP: 12/12 MP: 3/3
     0 | D:1      | 0 ||| qw: Version: 0.3-a-9-g12657ce
     0 | D:1      | 0 ||| qw: Game counter: 1946
     0 | D:1      | 0 ||| qw: Always use a shield: true
     0 | D:1      | 0 ||| qw: God list: Okawaru
     0 | D:1      | 0 ||| qw: Allow faded altars: false
     0 | D:1      | 0 ||| qw: Do Orc after D:15 true
     0 | D:1      | 0 ||| qw: Do second Lair branch before Depths: true
     0 | D:1      | 0 ||| qw: Lair rune preference: random
     0 | D:1      | 0 ||| qw: Plans: Normal
     0 | D:1      | 0 ||| PLANNING D:1-11
    85 | D:1      | Found a faded altar of an unknown god.
    97 | D:1      | Reached skill level 6 in Ranged Weapons
    97 | D:1      | Reached XP level 2. HP: 16/16 MP: 4/4
   438 | D:1      | Reached XP level 3. HP: 18/20 MP: 5/5
   734 | D:1      | 734 ||| READING scroll labelled YFERICREAK.
   735 | D:1      | 735 ||| DROPPING scroll of butterflies.
   781 | D:2      | Reached skill level 7 in Ranged Weapons
   902 | D:2      | Reached XP level 4. HP: 25/25 MP: 6/6
  1107 | D:2      | 1107 ||| Stepping ~*~*~tactically~*~*~ (outnumbered).
  1155 | D:2      | Reached skill level 8 in Ranged Weapons
  1155 | D:2      | 1155 ||| FLEEEEING.
  1218 | D:2      | 1218 ||| UPGRADING to +0 helmet.
  1223 | D:2      | 1223 ||| READING scroll labelled LUG WUWUCEU.
  1228 | D:2      | 1228 ||| READING 2 scrolls labelled GIEHUF MAZINWE.
  1312 | D:3      | Found a runed translucent door.
  1312 | D:3      | Noticed qw's ghost (amateur DEHu)
  1329 | D:3      | Noticed a black bear
  1333 | D:3      | 1333 ||| FLEEEEING.
  1343 | D:3      | HP: 4/25 [gnoll/+0 spear (6)]
  1348 | D:3      | Slain by a gnoll

Levels and vault maps discovered:
D:1:      psy_arrival_dodecagon, layout_basic,
          hellmonk_ecumenical_altar_pennies_from_heaven
D:2:      layout_basic
D:3:      wad_woods_stonehenge, layout_basic, gammafunk_ghost_grave

Skill      XL: |  1  2  3  4 |
---------------+-------------+-----
Ranged Weapons | 6 7 8 |  8.2
Fighting       | |  1.5
Dodging        | |  2.4
Stealth        | |  1.2

Action                     |  1- 3 |  4- 6 || total
---------------------------+-------+-------++-------
   Fire: Shortbow          |   111 |    59 ||   170
    Use: Scroll            |     1 |     2 ||     3
 Armour: Leather armour    |    15 |     6 ||    21
  Dodge: Dodged            |    47 |    13 ||    60

Table legend:
 A = Non-vault XP
 B = Vault XP
 C = Vault XP percentage of total XP
 D = Non-vault monster count
 E = Vault monster count
 F = Vault count percentage of total count
                 A         B        C        D         E       F
            +---------+---------+-------+---------+---------+-------
      Total |     159 |      19 |  10.7 |      56 |       3 |   5.1
            +---------+---------+-------+---------+---------+-------
        D:1 |      54 |       0 |   0.0 |      31 |       0 |   0.0
        D:2 |      99 |       0 |   0.0 |      22 |       0 |   0.0
        D:3 |       6 |      19 |  76.0 |       3 |       3 |  50.0
            +---------+---------+-------+---------+---------+-------
